 Dungeon Crawl Stone Soup version 0.30-b1-2-g02819fbbbe (webtiles) character file.

Game seed: 16862655082935210241

16 manyhoops the Digger (level 2, -6/20 HPs)
             Began as a Demigod Earth Elementalist on Nov 25, 2023.
             Mangled by a gnoll
             ... wielding a +0 whip
              (7 damage)
             ... on level 2 of the Dungeon.
             The game lasted 00:01:25 (824 turns).

manyhoops the Digger (Demigod Earth Elementalist)    Turns: 824, Time: 00:01:25

Health: -6/20      AC:  2    Str:  9    XL:     2   Next: 27%
Magic:  7/7        EV: 12    Int: 17    God:
Gold:   72         SH:  5    Dex: 14    Spells: 4/5 levels left

rFire   . . .        k - staff of earth
rCold   . . .        (no shield)
rNeg    . . .        a - +0 robe
rPois   .            (no helmet)
rElec   .            (no cloak)
rCorr   +            (no gloves)
SInv    .            (no boots)
Will    .....        g - amulet of reflection
Stlth   ++           d - ring of resist corrosion
HPRegen 0.23/turn    h - ring of wizardry
MPRegen 0.10/turn

%: reflection, wizardry (x1)
@: mighty
A: high MP 1, forlorn, divine attributes
a: no special abilities


You were on level 2 of the Dungeon.
You visited 1 branch of the dungeon, and saw 2 of its levels.

You collected 72 gold pieces.

Inventory:

Armour
 a - a +0 robe (worn)
Magical Staves
 k - a staff of earth (weapon)
Jewellery
 d - a ring of resist corrosion (left hand)
 g - an amulet of reflection (around neck)
 h - a ring of wizardry (right hand)
Scrolls
 c - 6 scrolls of identify {unknown}
 e - 2 scrolls of blinking {unknown}
 i - a scroll of immolation {unknown}
 l - a scroll of poison {unknown}
 m - a scroll of teleportation {unknown}
Potions
 b - a potion of magic
 f - 2 potions of might
 j - a potion of degeneration {unknown}
 n - a potion of mutation {unknown}


   Skills:
 - Level 1.7 Dodging
 - Level 1.7 Stealth
 + Level 2.1 Spellcasting
 - Level 0.8 Transmutations
 + Level 3.2 Earth Magic


You had 4 spell levels left.
You knew the following spells:

 Your Spells              Type           Power      Damage    Failure   Level
a - Sandblast             Erth           38%        2d10      1%          1

Your spell library contained the following spells:

 Spells                   Type           Power      Damage    Failure   Level
 Passwall                 Tmut/Erth      10%        N/A       4%          2
 Stone Arrow              Conj/Erth      20%        3d8       12%         3
 Petrify                  Tmut/Erth      13%        N/A       32%         4


Dungeon Overview and Level Annotations

Branches:
Dungeon (2/15)


Innate Abilities, Weirdness & Mutations

You have an increased reservoir of magic. (+10% MP)
You shall have no god before yourself.
Your divine heritage dramatically boosts your attributes as you level up.


Message History

Casting: Sandblast (safe; 1% risk of failure)
Confirm with . or Enter, or press ? or * to list all spells.
Aiming: Sandblast (safe; 1% risk of failure)
Press: ? - help, Shift-Dir - straight line, f - gnoll
Aim: a gnoll, wielding a +0 spear and quivering a throwing net (asleep, 100% to hit)
You feel a surge of power!
The blast of sand hits the gnoll!
The gnoll is heavily wounded.
The gnoll shouts! x2
The gnoll throws a throwing net.
The throwing net barely misses you.
Unknown command.
The gnoll throws a throwing net.
The throwing net hits you.
You become entangled in the net!
You see here a throwing net.
You tear a large gash into the net.
You struggle against the net.
You rip the net and break free!
You block the gnoll's attack.
You see here a throwing net.
The gnoll barely misses you.
The gnoll throws a throwing net.
The throwing net hits you.
You become entangled in the net!
You see here a throwing net.
You struggle against the net.
The gnoll barely misses you.
You struggle against the net.
The gnoll hits you from afar with a +0 spear.
You struggle against the net.
The gnoll shouts!
The gnoll hits you from afar with a +0 spear!
You struggle against the net.
The gnoll barely misses you.
The gnoll hits you from afar with a +0 spear.
* * * LOW HITPOINT WARNING * * *
You rip the net and break free!
The gnoll hits you with a +0 whip.
* * * LOW HITPOINT WARNING * * *
The gnoll closely misses you. The gnoll attacks as you move away!
The gnoll hits you with a +0 whip.
* * * LOW HITPOINT WARNING * * *
Okay, then.
It was a potion of might.
You feel very mighty all of a sudden. The gnoll hits you with a +0 whip!
You die...

##### #..§### #.§§§.#
#############.§§§§#### #########
#......$..gg.g.§.§§..###........
.............#.§P§§§.##.....####
g.........(..##g§§.§...........#
.###.....####.@...............#
....?#####.....<................
..## #.....................#
#................#####.
#...........####### #.
#....###.....#....####. ......#
#...............
.......##...............
..............>.....


You could see 2 gnolls.

Vanquished Creatures
  A ball python (D:1)
  A giant cockroach (D:2)
  2 hobgoblins (D:1)
  4 jackals (D:1)
  A kobold (D:2)
  A ball python skeleton (D:2)
  A frilled lizard (D:1)
  A quokka zombie (D:2)
  3 rats
15 creatures vanquished.

Notes
Turn   | Place    | Note
-------+----------+-------------------------------------------
     0 | D:1      | manyhoops the Demigod Earth Elementalist began the quest
                  | for the Orb.
     0 | D:1      | Reached XP level 1. HP: 14/14 MP: 5/5
   209 | D:1      | Reached skill level 3 in Earth Magic
   379 | D:1      | Reached XP level 2. HP: 20/20 MP: 5/7
   822 | D:2      | HP: 1/20 [gnoll/+0 whip (3)]
   824 | D:2      | Mangled by a gnoll

Illustrated notes

Levels and vault maps discovered:
D:1:      minmay_arrival_cross, layout_rooms
D:2:      layout_basic, serial_undead, serial_undead_a, serial_undead_e,
          serial_undead_b, serial_undead_e, serial_undead_c, serial_undead_e,
          basic_altar, lightli_corner_chamber

Skill      XL: |  1 |
---------------+----+-----
Spellcasting   | 2 |  2.1
Earth Magic    | 3 |  3.2
Dodging        | |  1.7
Stealth        | |  1.7
Transmutations | |  0.8

Action                     || total
---------------------------++-------
  Melee: Staff             ||     1
   Cast: Sandblast         ||    27
    Use: Potion            ||     1
 Armour: Robe              ||     3
  Dodge: Dodged            ||    18
  Block: Other             ||     2
